 Dungeon Crawl Stone Soup version 0.27.1-33-g824d729ab1 (webtiles) character file.

Game seed: 11051504792755602254

362 pkoi the Insei (level 6, -1/51 HPs)
             Began as a Draconian Monk on Nov 24, 2021.
             Slain by a water moccasin (5 damage)
             ... on level 5 of the Dungeon.
             The game lasted 00:04:38 (5025 turns).

pkoi the Insei (Draconian Monk)                     Turns: 5025, Time: 00:04:39

Health: -1/51      AC:  6    Str: 17    XL:     6   Next: 39%
Magic:  6/6        EV: 11    Int: 12    God:
Gold:   667        SH:  4    Dex: 10    Spells: 5/5 levels left

rFire    . . .     SeeInvis .     - Unarmed
rCold    . . .     Faith    .   m - +1 buckler "Urphog" {Will++ Str+4 Dex-4}
rNeg     . . .     Spirit   .   (armour unavailable)
rPois    .         Reflect  .   (helmet restricted)
rElec    .         Harm     .   (no cloak)
rCorr    .         Rampage  .   (no gloves)
Will     ++...                  (no boots)
Stlth    ++........             (no amulet)
HPRegen  0.17/turn              (no ring)
MPRegen  0.10/turn              (no ring)

@: brilliant, lethally poisoned (-1 -> -3)
A: AC +6, unfitting armour, cold-blooded
a: no special abilities


You were on level 5 of the Dungeon.
You visited 1 branch of the dungeon, and saw 5 of its levels.

You collected 667 gold pieces.

Inventory:

Missiles
 f - 30 poisoned darts (quivered)
Armour
 m - the +1 buckler "Urphog" (worn) {Will++ Str+4 Dex-4}
   (You found it on level 4 of the Dungeon)

   Str:       It affects your strength (+4).
   Dex:       It affects your dexterity (-4).
   Will:      It greatly increases your willpower.
Jewellery
 c - a ring of ice
 e - a +4 ring of protection
Wands
 h - a wand of mindburst (15)
Scrolls
 b - a scroll of magic mapping
 g - 3 scrolls of identify
 k - a scroll of teleportation
Potions
 a - a potion of brilliance
 d - a potion of resistance
 i - a potion of flight {unknown}
 j - 2 potions of might {unknown}


   Skills:
 - Level 3.2 Fighting
 - Level 2.6 Dodging
 - Level 1.7 Stealth
 + Level 1.5 Shields
 - Level 7.0 Unarmed Combat


You had 5 spell levels left.
You didn't know any spells.
Your spell library contained the following spells:

 Spells                   Type           Power      Damage    Failure   Level
 Summon Guardian Golem    Hex/Summ       0%         N/A       80%         3
 Orb of Destruction       Conj           0%         N/A       100%        7
 Spellforged Servitor     Conj/Summ      0%         N/A       100%        7


Dungeon Overview and Level Annotations

Branches:
Dungeon (5/15)
 Temple: D:4-7

Altars:
The Shining One

Shops:
D:1 (

Annotations:
D:3 2 runed translucent doors, Crazy Yiuf; spaced's ghost, weakling DsAK


Innate Abilities, Weirdness & Mutations

Your plain brown scales are hard. (AC +6)
You cannot fit into any form of body armour.
You are cold-blooded and may be slowed by cold attacks.


Message History

You are poisoned.
The water moccasin poisons you!
You barely miss the water moccasin.
The water moccasin is moderately wounded.
You feel very sick. The water moccasin misses you.
You block the water moccasin's attack.
You closely miss the water moccasin.
The water moccasin is moderately wounded.
You feel very sick.
The water moccasin bites you but does no damage.
You barely miss the water moccasin.
Your tail-slap misses the water moccasin.
The water moccasin is moderately wounded.
You feel sick. The water moccasin bites you.
* * * LOW HITPOINT WARNING * * *
You hit the water moccasin. You tail-slap the water moccasin.
The water moccasin is moderately wounded.
You feel sick. The water moccasin barely misses you.
You barely miss the water moccasin.
The water moccasin is moderately wounded.
You feel sick. The water moccasin bites you.
* * * LOW HITPOINT WARNING * * *
The water moccasin barely misses you.
You closely miss the water moccasin.
The water moccasin is moderately wounded.
You feel sick. You block the water moccasin's attack.
You barely miss the water moccasin.
The water moccasin is moderately wounded.
You feel sick.
The water moccasin bites you but does no damage.
You miss the water moccasin.
The water moccasin is moderately wounded.
You feel sick. You block the water moccasin's attack.
The water moccasin bites you.
* * * LOW HITPOINT WARNING * * *
Unknown command.
It was a potion of brilliance.
You feel clever all of a sudden.
You feel sick. The water moccasin bites you.
You die...

#.# .. ... #.#
##.## #...# #####
#...#.§.§.§
+..@SZ..._.
#.(.#.§.§.§ #...#
#####
###############.##
................#
#.###.###.###.###
#. #.# #.# #.# ..
#.# #.# #.# ##
#.###.###.#


You could see a water moccasin and a centaur zombie.

Vanquished Creatures
  An ogre (D:4)
  A howler monkey (D:4)
  An orc priest (D:4)
  2 iguanas (D:4)
  A hound zombie (D:5)
  4 adders
  3 gnolls
  An adder skeleton (D:4)
  2 worms
  A dart slug (D:2)
  6 orcs (D:4)
  4 bats
  5 endoplasms
  2 giant cockroaches (D:2)
  4 hobgoblins
  5 jackals
  3 quokkas
  10 ball pythons
  2 frilled lizards
  5 goblins
  3 kobolds
  3 rats
69 creatures vanquished.

Notes
Turn   | Place    | Note
-------+----------+-------------------------------------------
     0 | D:1      | pkoi the Draconian Monk began the quest for the Orb.
     0 | D:1      | Reached XP level 1. HP: 19/19 MP: 1/1
   137 | D:1      | Found Ufucynn's Antique Weapon Boutique.
   273 | D:1      | Reached XP level 2. HP: 23/26 MP: 2/2
  1224 | D:2      | Reached skill level 4 in Unarmed Combat
  1544 | D:2      | Reached XP level 3. HP: 31/31 MP: 3/3
  2201 | D:2      | Reached skill level 5 in Unarmed Combat
  2201 | D:2      | Reached XP level 4. HP: 32/38 MP: 4/4
  2353 | D:2      | Found a faded altar of an unknown god.
  2523 | D:3      | Identified a scroll of acquirement
  2523 | D:3      | Acquired 465 gold pieces
  2890 | D:3      | Found a runed translucent door.
  2891 | D:3      | Noticed Crazy Yiuf
  2929 | D:3      | Found a runed translucent door.
  2940 | D:3      | Noticed spaced's ghost (weakling DsAK)
  3372 | D:4      | Reached XP level 5. HP: 30/45 MP: 5/5
  3940 | D:4      | Reached skill level 6 in Unarmed Combat
  4022 | D:4      | Noticed an ogre
  4063 | D:4      | Killed an ogre
  4064 | D:4      | Reached XP level 6. HP: 51/51 MP: 6/6
  4232 | D:4      | Reached skill level 7 in Unarmed Combat
  4554 | D:4      | Identified the +1 buckler "Urphog" {Will++ Str+4 Dex-4}
  4664 | D:4      | Reached skill level 1 in Shields
  4872 | D:5      | Entered Level 5 of the Dungeon
  5006 | D:5      | Found a glowing golden altar of the Shining One.
  5006 | D:5      | Noticed a water moccasin
  5025 | D:5      | Slain by a water moccasin

Illustrated notes

Levels and vault maps discovered:
D:1:      erik_arrival_blinker_ship, layout_loops_ring, serial_shops, shop,
          minmay_stone_trees_small
D:2:      layout_basic, shapermc_ecumenical_altar_hornbeckon,
          minmay_divided_ellipse
D:3:      layout_basic, ebering_ghost_sewer_d, uniq_crazy_yiuf_cottage
D:4:      layout_loops_ring
D:5:      layout_loops_ring, mainiacjoe_overflow_six_doors_small,
          grunt_temple_overflow_holy_war,
          chequers_temple_overflow_statue_of_worship, grunt_ministairs_11

Skill      XL: |  1  2  3  4  5  6 |
---------------+-------------------+-----
Unarmed Combat | 4 5 6 7 |  7.0
Shields        | 1 |  1.5
Fighting       | |  3.2
Dodging        | |  2.6
Stealth        | |  1.7

Action                   |  1- 3 |  4- 6 || total
-------------------------+-------+-------++-------
Melee: Unarmed           |   117 |   145 ||   262
       Tailslap          |     8 |    20 ||    28
       Punch             |       |     3 ||     3
Throw: Dart              |       |     8 ||     8
  Use: Scroll            |     2 |     5 ||     7
       Potion            |       |     1 ||     1
 Stab: Sleeping          |     5 |     2 ||     7
Armor: Skin              |    27 |    32 ||    59
Dodge: Dodged            |    65 |    76 ||   141
Block: Buckler           |       |    10 ||    10
